 Dungeon Crawl Stone Soup version 0.18-a0-1521-g59d19af (webtiles) character file.

83 FrancescoMac the Skirmisher (level 4, -7/35 HPs)
             Began as a Demonspawn Gladiator on Mar 7, 2016.
             Mangled by a gnoll
             ... wielding a +0 halberd
              (9 damage)
             ... on level 2 of the Dungeon.
             The game lasted 00:05:47 (1582 turns).

FrancescoMac the Skirmisher (Demonspawn Gladiator)  Turns: 1582, Time: 00:05:48

Health: -7/35      AC:  4    Str: 17    XL:     4   Next: 22%
Magic:  4/4        EV: 13    Int:  9    God:
Gold:   51         SH:  0    Dex: 13    Spells: 0 memorised, 3 levels left

rFire  . . .     SeeInvis .     a - +1 quarterstaff
rCold  . . .     Gourm    .     b - +0 leather armour
rNeg   . . .     Faith    .     (shield currently unavailable)
rPois  .         Spirit   .     c - +0 helmet
rElec  .         Dismiss  .     (no cloak)
rCorr  .         Reflect  .     (no gloves)
SustAt .         Harm     .     (no boots)
MR     .....                    (no amulet)
Stlth  +.........               (no ring)
                                (no ring)

@: not resistant to hostile enchantments, very unstealthy
A: powered by death 2
a: no special abilities


You were on level 2 of the Dungeon.
You were not hungry.

You visited 1 branch of the dungeon, and saw 2 of its levels.

You collected 51 gold pieces.

Inventory:

Hand Weapons
 a - a +1 quarterstaff (weapon)
Missiles
 d - 3 throwing nets (quivered)
Armour
 b - a +0 leather armour (worn)
 c - a +0 helmet (worn)
 r - a +1 robe of the Archmagi
Scrolls
 e - a scroll of remove curse
 k - 2 scrolls of enchant weapon
 m - a scroll of amnesia {unknown}
 n - a scroll of identify
 p - a scroll of immolation {unknown}
Potions
 h - a potion of experience
 l - a potion of lignification
 o - a potion of resistance {unknown}
Comestibles
 f - a bread ration
 g - a royal jelly
 i - a slice of pizza
 j - 3 chunks of flesh


   Skills:
 + Level 3.3 Fighting
 + Level 3.2 Staves
 - Level 1.7 Throwing
 + Level 3.3 Dodging


You had 3 spell levels left.
You didn't know any spells.

Dungeon Overview and Level Annotations

Branches:
Dungeon (2/15)

Altars:
Fedhas
Nemelex Xobeh


Innate Abilities, Weirdness & Mutations

You regenerate health from kills.


Message History

The gnoll is severely wounded.
The gnoll misses you. The gnoll hits you with a spear.
* * * LOW HITPOINT WARNING * * *
You hit the gnoll.
The gnoll is almost dead.
The gnoll barely misses you. The gnoll hits you with a spear.
* * * LOW HITPOINT WARNING * * *
You closely miss the gnoll.
The gnoll is almost dead.
The gnoll barely misses you. The gnoll hits you with a spear.
* * * LOW HITPOINT WARNING * * *
Drink which item? (? for menu, Esc to quit)
Okay, then.
Read which item? (? for menu, Esc to quit)
Okay, then.
Drink which item? (? for menu, Esc to quit)
It was a potion of cancellation.
You feel magically purged. The gnoll hits you but does no damage.
The gnoll hits you from afar with a halberd!
You die...

........# ..###.#.#
##.#.#### #....<..##
#..#.#...##
.##..#....<.########
...g.......#........
###g###...###.###... #
##@####.## ##.##.##
#.##...####.###.....#
#.#.....####.#.####.##
#........####..# #...
#..............# ###.
##.............# ##.>
##.....#####..# ##...
##...## #..###....
#..## #..##.....


You could see 2 gnolls.

Vanquished Creatures
  3 gnolls
  An adder (D:2)
  4 dart slugs
  3 giant geckos
  3 giant cockroaches
  2 goblins
  4 hobgoblins
  2 kobolds (D:2)
  8 bats
  2 giant newts
  6 rats (D:1)
38 creatures vanquished.

Notes
Turn   | Place    | Note
--------------------------------------------------------------
     0 | D:1      | FrancescoMac the Demonspawn Gladiator began the quest for the Orb.
     0 | D:1      | Reached XP level 1. HP: 16/16 MP: 1/1
   507 | D:1      | Gained mutation: You regenerate a little health from kills. [demonic ancestry]
   507 | D:1      | Reached XP level 2. HP: 23/23 MP: 2/2
   829 | D:1      | Reached XP level 3. HP: 28/28 MP: 3/3
  1185 | D:2      | Found a sparkling altar of Nemelex Xobeh.
  1204 | D:2      | Found a blossoming altar of Fedhas.
  1554 | D:2      | Gained mutation: You regenerate health from kills. [demonic ancestry]
  1554 | D:2      | Reached XP level 4. HP: 35/35 MP: 4/4
  1581 | D:2      | HP: 1/35 [gnoll/spear (6)]
  1582 | D:2      | Mangled by a gnoll

Vault maps used:
D:1:      dpeg_arrival_shelter
D:2:      lemuel_coloured_pillars_altar, fedhas_altar_2

Skill      XL: |  1  2  3 |
---------------+----------+-----
Dodging        | 3 |  3.3
Staves         | 3 |  3.2
Fighting       | 3 |  3.3
Throwing       | |  1.7

Action                   |  1- 3 |  4- 6 || total
-------------------------+-------+-------++-------
Melee: Quarterstaff      |   101 |     9 ||   110
  Use: Scroll            |     4 |       ||     4
       Potion            |       |     1 ||     1
  Eat: Chunk             |     2 |       ||     2
